 Dungeon Crawl Stone Soup version 0.26-a0-712-ga5a9c9c9d0 (webtiles) character file.

Game seed: 4911351144001146588

177 MalarOregon the Caller (level 5, -4/38 HPs)
             Began as a Draconian Summoner on Nov 11, 2020.
             Slain by an orc priest
             ... wielding a +0 falchion
              (5 damage)
             ... on level 3 of the Dungeon.
             The game lasted 00:08:57 (3745 turns).

MalarOregon the Caller (Draconian Summoner)         Turns: 3745, Time: 00:08:58

Health: -4/38      AC:  6    Str: 10    XL:     5   Next: 30%
Magic:  4/9        EV: 12    Int: 23    God:
Gold:   78         SH:  0    Dex: 11    Spells: 7/10 levels left

rFire    . . .     SeeInvis .   h - +0 hunting sling
rCold    . . .     Faith    .   (no shield)
rNeg     . . .     Spirit   .   (armour unavailable)
rPois    .         Reflect  .   (helmet restricted)
rElec    .         Harm     .   (no cloak)
rCorr    .         Rampage  .   (no gloves)
MR       .....                  b - +0 pair of boots
Stlth    ++........             (no amulet)
HPRegen  0.12/turn              j - +6 ring of intelligence
MPRegen  0.11/turn              (no ring)

@: no status effects
A: unfitting armour, cold-blooded, AC +5
a: no special abilities


You were on level 3 of the Dungeon.
You visited 1 branch of the dungeon, and saw 3 of its levels.

You collected 78 gold pieces.

Inventory:

Hand Weapons
 h - a +0 hunting sling (weapon)
   (You took it off a goblin on level 2 of the Dungeon)
 m - a +4 flail of draining
   (You took it off Terence on level 2 of the Dungeon)
 o - a +1 short sword of electrocution
   (You took it off a kobold on level 3 of the Dungeon)
Missiles
 i - 52 stones (quivered)
Armour
 b - a +0 pair of boots (worn)
   (You found it on level 1 of the Dungeon)
Jewellery
 j - a +6 ring of intelligence (left hand)
   (You found it on level 2 of the Dungeon)
Wands
 l - a wand of polymorph (4)
   (You took it off Terence on level 2 of the Dungeon)
Scrolls
 c - a scroll of identify {unknown}
 d - a scroll of remove curse {unknown}
 f - 2 scrolls of teleportation {unknown}
Potions
 a - a potion of cancellation {unknown}
 e - a potion of magic
 g - a potion of stabbing
 k - a potion of lignification {unknown}
 n - 2 potions of curing {unknown}


   Skills:
 + Level 2.7 Dodging
 + Level 2.9 Stealth
 + Level 3.0 Spellcasting
 * Level 5.1 Summonings


You had 7 spell levels left.
You knew the following spells:

 Your Spells              Type           Power        Failure   Level
a - Summon Small Mammal   Summ           ####         1%          1
x - Call Imp              Summ           ####....     2%          2

Your spell library contained the following spells:

 Spells                   Type           Power        Failure   Level
 Call Canine Familiar     Summ           ####....     4%          3
 Summon Guardian Golem    Hex/Summ       ###.....     12%         3
 Summon Ice Beast         Ice/Summ       ###.....     38%         4
 Summon Lightning Spire   Summ/Air       ###.....     38%         4


Dungeon Overview and Level Annotations

Branches:
Dungeon (3/15)

Altars:
Cheibriados
Makhleb
Qazlal
Trog


Innate Abilities, Weirdness & Mutations

Your plain brown scales are hard. (AC +5)
You cannot fit into any form of body armour.
You are cold-blooded and may be slowed by cold attacks.


Message History

The orc priest calls down the wrath of Beogh upon you.
Pain shoots through your body!
Your crimson imp hits the orc priest.
You swap places.
The orc priest barely misses you.
Your crimson imp hits the orc priest.
The orc priest calls down the wrath of Beogh upon you.
Pain shoots through your body!
A beastly little devil appears in a puff of flame.
The orc priest looks encouraged for a moment.
The orc priest hits you with a +0 falchion.
Your crimson imp closely misses the orc priest.
Firing (i - inventory)
i - 56 stones (quivered)
Aim: an orc priest, wielding a +0 falchion (moderately wounded)
You shoot a stone.
The stone closely misses the orc priest.
The orc priest looks braver for a moment.
The orc priest closely misses you.
An adder comes into view.
Your crimson imp closely misses the orc priest.
Your crimson imp hits the orc priest.
Firing (i - inventory)
i - 55 stones (quivered)
Aim: an orc priest, wielding a +0 falchion (heavily wounded)
You shoot a stone. The stone hits the orc priest.
The orc priest hits you with a +0 mace! The adder bites your crimson imp.
The orc priest invokes the aid of Beogh against you.
Pain shoots through your body!
* * * LOW HITPOINT WARNING * * *
Your crimson imp barely misses the adder.
Your crimson imp hits the orc priest.
The adder bites your crimson imp.
Okay, then.
Firing (i - inventory)
i - 54 stones (quivered)
Aim: an orc priest, wielding a +0 falchion (severely wounded)
You shoot a stone.
The stone closely misses the orc priest.
The orc priest closely misses you.
The orc priest mumbles some strange prayers to Beogh against you.
Pain shoots through your body!
* * * LOW HITPOINT WARNING * * *
The adder closely misses your crimson imp.
Your crimson imp barely misses the adder.
Your crimson imp completely misses the orc priest.
A stone appears from out of your range of vision.
The stone closely misses your shadow imp.
Firing (i - inventory)
i - 53 stones (quivered)
Aim: an orc priest, wielding a +0 falchion (severely wounded)
You shoot a stone. The stone barely misses the orc priest.
The orc priest hits you with a +0 mace.
* * * LOW HITPOINT WARNING * * *
The orc priest hits you with a +0 falchion.
You die...

(...........<..#
(.............##
...#....##...##
((.#..##.### .(.#...[#
#..###.#######
##(###........
#.S##.##..<.. ###
##555@..>##.# ..#
###oo.###
#.#######÷#.#
#.##........#
#.##5###...##..
####....##....(..#
#####o..o........#####
........5.......##
o####†#####...#.#


You could see 2 orc priests, an adder, 2 friendly crimson imps and a friendly
shadow imp (summoned).

Vanquished Creatures
  An orc priest (D:2)
  An orc wizard (D:2)
  An ooze (D:1)
  A dart slug (D:1)
  2 leopard geckos (D:2)
  2 orcs (D:2)
  6 bats
  8 goblins
  3 hobgoblins
  A jackal (D:3)
  3 kobolds
  A frilled lizard (D:2)
  2 rats (D:1)
32 creatures vanquished.

Vanquished Creatures (collateral kills)
  A hound (D:3)
  Terence (D:2)
  Natasha (thrice) (D:2)
  Robin (D:2)
  2 adders
  2 worms
  3 orcs
  A bat (D:1)
  6 goblins (D:2)
  3 hobgoblins
  A quokka (D:3)
  A frilled lizard (D:3)
  3 kobolds
  A rat (D:3)
29 creatures vanquished.

Grand Total: 61 creatures vanquished

Notes
Turn   | Place    | Note
-------+----------+-------------------------------------------
     0 | D:1      | MalarOregon the Draconian Summoner began the quest for the
                  | Orb.
     0 | D:1      | Reached XP level 1. HP: 14/14 MP: 3/3
   504 | D:1      | Reached XP level 2. HP: 6/20 MP: 0/5
   739 | D:1      | Learned a level 2 spell: Call Imp
  1439 | D:2      | Noticed Robin
  1571 | D:2      | Killed Robin
  1571 | D:2      | Reached XP level 3. HP: 16/26 MP: 0/6
  1755 | D:2      | Noticed Natasha
  1761 | D:2      | Killed Natasha
  1762 | D:2      | Noticed Natasha
  1766 | D:2      | Killed Natasha
  1852 | D:2      | Found a stormy altar of Qazlal.
  1854 | D:2      | Found a burning altar of Makhleb.
  1948 | D:2      | Reached XP level 4. HP: 31/33 MP: 4/7
  2080 | D:2      | Noticed Terence
  2092 | D:2      | Killed Terence
  2186 | D:2      | Noticed Natasha
  2192 | D:2      | Killed Natasha
  2267 | D:2      | Found a faded altar of an unknown god.
  2337 | D:2      | HP: 1/33 [orc wizard/magic dart (4)]
  2872 | D:2      | Found a snail-covered altar of Cheibriados.
  2948 | D:2      | Found a bloodstained altar of Trog.
  2949 | D:2      | Reached XP level 5. HP: 38/38 MP: 9/9
  3087 | D:3      | Reached skill level 5 in Summonings
  3745 | D:3      | HP: 1/38 [orc priest/+0 mace (5)]
  3745 | D:3      | Slain by an orc priest

Illustrated notes

Levels and vault maps discovered:
D:1:      minmay_arrival_doors, layout_loops_ring, chequers_hall_statues_wall_a,
          minivault_25
D:2:      layout_basic, nicolae_overflow_hidden_temple, bloody_trog, minitemple,
          chequers_ecumenical_altar_simple, grunt_decor_mini_mirrors,
          minmay_fountain_box, kennysheep_generic_room_8, uniq_natasha,
          uniq_terence, uniq_robin
D:3:      layout_rooms, chequers_garden

Skill      XL: |  1  2  3  4  5 |
---------------+----------------+-----
Stealth        | 2 |  2.9
Dodging        | 2 |  2.7
Summonings     | 5 |  5.1
Spellcasting   | 3 |  3.0

Action                   |  1- 3 |  4- 6 || total
-------------------------+-------+-------++-------
Melee: Whip              |    52 |       ||    52
       Tailslap          |     3 |       ||     3
       Unarmed           |     1 |     2 ||     3
       Flail             |       |     6 ||     6
 Fire: Hunting sling     |    32 |    70 ||   102
 Cast: Summon Small Mamm |     7 |       ||     7
       Call Imp          |    10 |    25 ||    35
  Use: Potion            |       |     3 ||     3
 Stab: Sleeping          |     2 |       ||     2
Armor: Skin              |    26 |    20 ||    46
Dodge: Dodged            |    48 |    48 ||    96

Table legend: (Time is in decaauts)
 A = Elapsed time spent in this place.
 B = Non-inter-level travel time spent in this place.
 C = Inter-level travel time spent in this place.
 D = Time resting spent in this place.
 E = Time spent auto-exploring this place.
 F = Levels seen in this place.
 G = Mean time per level.
                   A        B        C        D        E       F      G
               +--------+--------+--------+--------+--------+-----+--------+
         Total |   3771 |   3689 |     82 |    977 |   1986 |   3 | 1257.0 |
       Dungeon |   3771 |   3689 |     82 |    977 |   1986 |   3 | 1257.0 |
               +--------+--------+--------+--------+--------+-----+--------+

Top non-repeatable levels by time:
     D:2: 2063 daAuts
     D:1: 1258 daAuts
     D:3: 448 daAuts
